 Dungeon Crawl Stone Soup version 0.26.0-10-g1f06aea511 (webtiles) character file.

Game seed: 11475649745380887571

797 FreshCat the Sneak (level 7, -1/46 HPs)
             Began as an Octopode Transmuter on Jan 14, 2021.
             Was a Follower of Uskayaw.
             Slain by Duvessa
             ... wielding a +0 short sword
              (9 damage)
             ... on level 5 of the Dungeon on Jan 15, 2021.
             The game lasted 00:26:45 (6670 turns).

FreshCat the Sneak (Octopode Transmuter)            Turns: 6670, Time: 00:26:47

Health: -1/46      AC:  1    Str: 12    XL:     7   Next: 89%
Magic:  7/11       EV: 14    Int: 15    God:    Uskayaw [*.....]
Gold:   319        SH:  0    Dex: 12    Spells: 6/12 levels left

rFire    . . .     SeeInvis .     - Unarmed
rCold    . . .     Faith    .   (no shield)
rNeg     . . .     Spirit   .   (helmet restricted)
rPois    .         Reflect  .   (no amulet)
rElec    .         Harm     .   b - ring of stealth (curse)
rCorr    .         Rampage  .   (no ring)
Will     .....                  (no ring)
Stlth    +++++.....             (no ring)
HPRegen  0.15/turn              (no ring)
MPRegen  0.12/turn              (no ring)
                                (no ring)
                                (no ring)

@: no status effects
A: almost no armour, stealthy swim, amphibious, 8 rings, constrict 8, camouflage
1, gelatinous body 1
a: Renounce Religion, Stomp


You were on level 5 of the Dungeon.
You worshipped Uskayaw.
Uskayaw was noncommittal.
You visited 1 branch of the dungeon, and saw 6 of its levels.

You collected 319 gold pieces.

Inventory:

Missiles
 h - 4 boomerangs of dispersal
 j - 197 stones
 l - 24 arrows
Jewellery
 b - a cursed ring of stealth (left tentacle)
Wands
 s - a wand of polymorph (12)
Scrolls
 e - a scroll of teleportation {unknown}
 i - a scroll of amnesia {unknown}
 k - 3 scrolls of enchant weapon
 n - 2 scrolls of fear {unknown}
 p - 3 scrolls of remove curse {unknown}
 t - 2 scrolls of magic mapping {unknown}
 w - a scroll of torment {unknown}
Potions
 a - a potion of flight
 c - a potion of lignification
 d - a potion of cancellation
 f - a potion of curing
 g - a potion of berserk rage
 o - 4 potions of brilliance
 r - a potion of attraction
 u - a potion of might {unknown}


   Skills:
 * Level 3.2 Fighting
 + Level 0.1 Throwing
 + Level 3.2 Dodging
 + Level 5.6 Stealth
 + Level 5.5 Unarmed Combat
 + Level 3.1 Spellcasting
 + Level 3.2 Transmutations
 + Level 1.2 Poison Magic


You had 6 spell levels left.
You knew the following spells:

 Your Spells              Type           Power        Failure   Level
a - Beastly Appendage     Tmut           22%          5%          1
b - Wereblood             Tmut           11%          9%          2
c - Spider Form           Tmut/Pois      4%           24%         3

Your spell library contained the following spells:

 Spells                   Type           Power        Failure   Level
 Corona                   Hex            2%           21%         1
 Magic Dart               Conj           8%           21%         1
 Blink                    Tloc           N/A          30%         2
 Call Imp                 Summ           2%           30%         2
 Ensorcelled Hibernation  Hex/Ice        4%           30%         2
 Slow                     Hex            2%           30%         2
 Mephitic Cloud           Conj/Pois/Air  3%           45%         3
 Confusing Touch          Hex            2%           52%         3
 Conjure Flame            Conj/Fire      2%           52%         3
 Dazzling Flash           Conj/Hex       4%           52%         3
 Tukima's Dance           Hex            2%           52%         3
 Ice Form                 Ice/Tmut       7%           71%         4
 Blade Hands              Tmut           5%           83%         5


Dungeon Overview and Level Annotations

Branches:
Dungeon (6/15)
 Temple: D:4-7

Altars:
Dithmenos
Kikubaaqudgha
Uskayaw
The Shining One

Annotations:
D:3 1 runed translucent door, Crazy Yiuf
D:4 2 runed translucent doors, chipmonk's ghost, novice MiBe
D:5 Duvessa


Innate Abilities, Weirdness & Mutations

You cannot wear most types of armour.
You are very stealthy in the water. (Stealth+)
You are amphibious.
You can wear up to eight rings at the same time.
You can use your tentacles to constrict eight enemies at once.
Your skin changes colour to match your surroundings (Stealth+).
Your rubbery body absorbs attacks. (AC +1, EV +1)


Message History

a +5 dagger of protection; a +0 robe; a potion of heal wounds Something hits you.
You stomp with the beat, sending a shockwave through the revellers around you!
You can no longer pass through a line of other dancers.
Something hits you!
* * * LOW HITPOINT WARNING * * *
Something hits you.
* * * LOW HITPOINT WARNING * * *
You feel much better. Something barely misses you.
An orc comes into view. It is wielding a +0 whip.
The orc shouts!
You hear a shout!
Something hits you!
* * * LOW HITPOINT WARNING * * *
An orc comes into view.
Your transformation has ended.
The orc shouts!
Something hits you.
* * * LOW HITPOINT WARNING * * *
Something hits you!
You die...

... .. #.# # # ## #o#
#.# ... #.# #.#....
#.# ....... #####o##
..# ##)..... .##
##...##.# .#
##.....#@# .#
#........# .#
######...()###
.####...###...#####.
###......###......?.#
.............########
###......#####
###...## #####


You could see 2 orcs.

Vanquished Creatures
  Edmund (D:5)
  An ogre (D:5)
  2 scorpions (D:4)
  Dowan (D:5)
  A bullfrog skeleton (D:4)
  4 hounds
  An orc priest (D:3)
  A centaur skeleton (D:5)
  An iguana (D:5)
  An orc wizard (D:5)
  2 worker ants (D:5)
  A worker ant zombie (D:5)
  5 adders
  A gnoll (D:1)
  An ufetubus (D:5)
  3 worms
  11 orcs
  5 bats
  5 giant cockroaches
  3 goblins
  5 hobgoblins
  4 jackals (D:4)
  9 kobolds
  5 quokkas
  A ball python (D:3)
  6 frilled lizards
  A giant cockroach zombie (D:5)
  A quokka skeleton (D:5)
  5 rats
88 creatures vanquished.

Notes
Turn   | Place    | Note
-------+----------+-------------------------------------------
     0 | D:1      | FreshCat the Octopode Transmuter began the quest for the
                  | Orb.
     0 | D:1      | Reached XP level 1. HP: 13/13 MP: 3/3
    87 | D:1      | Upgraded the game from 0.26.0-9-gab577f9fc5 to
                  | 0.26.0-10-g1f06aea511
   453 | D:1      | Reached XP level 2. HP: 11/18 MP: 3/5
   569 | D:1      | Learned a level 2 spell: Wereblood
  1101 | D:1      | Reached XP level 3. HP: 18/23 MP: 6/6
  1443 | D:1      | Learned a level 3 spell: Spider Form
  1810 | D:2      | Reached skill level 1 in Stealth
  1956 | D:2      | Reached XP level 4. HP: 16/28 MP: 7/7
  2839 | D:3      | Reached XP level 5. HP: 25/33 MP: 7/9
  3166 | D:3      | Found an ancient bone altar of Kikubaaqudgha.
  3562 | D:3      | Found a runed translucent door.
  3563 | D:3      | Noticed Crazy Yiuf
  3695 | D:5      | Entered Level 5 of the Dungeon
  3695 | D:5      | Noticed an ogre
  3954 | D:4      | Reached XP level 6. HP: 17/39 MP: 3/10
  4363 | D:4      | Noticed chipmonk's ghost (novice MiBe)
  4364 | D:4      | Found a large runed translucent door.
  4364 | D:4      | Found a large runed translucent door.
  4927 | D:4      | Noticed a phantom
  4936 | D:5      | Found a shadowy altar of Dithmenos.
  5612 | D:5      | Reached XP level 7. HP: 40/45 MP: 7/11
  5620 | D:5      | Reached skill level 5 in Stealth
  5916 | D:5      | Found a hide-covered altar of Uskayaw.
  5916 | D:5      | Found a glowing golden altar of the Shining One.
  5924 | D:5      | Became a worshipper of Uskayaw the Reveller
  5945 | D:5      | Reached * piety under Uskayaw
  6055 | D:5      | Reached ** piety under Uskayaw
  6110 | D:5      | Noticed Edmund
  6192 | D:5      | Reached skill level 5 in Unarmed Combat
  6192 | D:5      | Reached skill level 1 in Poison Magic
  6381 | D:5      | Killed Edmund
  6651 | D:5      | Noticed Dowan
  6653 | D:5      | Noticed Duvessa
  6663 | D:5      | Killed Dowan
  6670 | D:5      | Slain by Duvessa

Illustrated notes

Levels and vault maps discovered:
D:1:      lightli_arrival_lavapool, layout_basic,
          hangedman_abyss_or_decor_lesser_grid, minmay_tiny_reverse_x
D:2:      layout_basic, serial_glass, glass_columns_b, glass_columns_c
D:3:      layout_loops_ring, nicolae_overflow_hidden_temple,
          kennysheep_generic_room_3, uniq_crazy_yiuf_cottage
D:4:      layout_loops_corners, ebering_ghost_disaster_area,
          minmay_fractal_squares_5
D:5:      layout_loops_cross, nicolae_overflow_crystal_walls,
          gammafunk_temple_overflow_pools, uniq_duvessa, uniq_edmund
D:6:      layout_basic, lemuel_round_altar, marbit_many_paths, demons_altar,
          minmay_misc_feat_doors, uniq_sigmund

Skill      XL: |  1  2  3  4  5  6  7 |
---------------+----------------------+-----
Stealth        | 2 3 4 5 |  5.6
Unarmed Combat | 4 5 |  5.5
Fighting       | 2 3 |  3.2
Dodging        | 3 |  3.2
Transmutations | 3 |  3.2
Spellcasting   | 3 |  3.1
Poison Magic   | 1 |  1.2
Throwing       | |  0.1

Action                   |  1- 3 |  4- 6 |  7- 9 || total
-------------------------+-------+-------+-------++-------
Melee: Unarmed           |    55 |   134 |    60 ||   249
       Constrict         |    18 |    25 |     7 ||    50
       Kick              |     6 |    12 |     4 ||    22
       Tentacles         |     8 |    15 |     2 ||    25
       Punch             |       |     1 |     1 ||     2
Throw: Boomerang         |       |     2 |       ||     2
 Cast: Beastly Appendage |     9 |     7 |     1 ||    17
       Wereblood         |       |     2 |     1 ||     3
       Spider Form       |       |     3 |     3 ||     6
Invok: Stomp             |       |       |     2 ||     2
  Use: Scroll            |     3 |     3 |     3 ||     9
       Potion            |       |     2 |     1 ||     3
 Stab: Sleeping          |     8 |    20 |     6 ||    34
       Distracted        |       |     1 |       ||     1
Armor: Skin              |     4 |    12 |     1 ||    17
Dodge: Dodged            |    32 |    87 |    36 ||   155
